 Dungeon Crawl Stone Soup version 0.20.1-1-g8b1a95d (console) character file.

153 toffzen the Ruffian (level 5, -5/40 HPs)
             Began as a Draconian Transmuter on Dec 15, 2017.
             Killed by divine providence
             ... invoked by an orc priest
              (10 damage)
             ... on level 4 of the Dungeon on Dec 18, 2017.
             The game lasted 00:19:55 (4508 turns).

toffzen the Ruffian (Draconian Transmuter)          Turns: 4508, Time: 00:19:57

Health: -5/40      AC:  5    Str: 13    XL:     5   Next: 12%
Magic:  8/9        EV: 12    Int: 14    God:
Gold:   247        SH:  0    Dex: 11    Spells: 3/9 levels left

rFire    x . .     SeeInvis .     - Unarmed
rCold    + . .     Gourm    .   (no shield)
rNeg     . . .     Faith    .   (armour unavailable)
rPois    .         Spirit   .   (helmet restricted)
rElec    .         Reflect  .   r - scarf {repulsion}
rCorr    .         Harm     .   (no gloves)
MR       .....                  (boots currently unavailable)
Stlth    +.........             (no amulet)
Regen    0.2/turn               p - ring of ice
MPRegen  0.2/turn               (no ring)

@: lethally poisoned (-5 -> -14), about to teleport, appendage, repel missiles
A: unfitting armour, talons 3, cold-blooded, AC +5
a: End Transformation


You were on level 4 of the Dungeon.
You were not hungry.
You had grown temporary talons.
You visited 1 branch of the dungeon, and saw 4 of its levels.

You collected 247 gold pieces.

Inventory:

Hand Weapons
 v - a +0 hunting sling
Missiles
 a - 16 arrows
 c - 24 poisoned needles
 e - 2 needles of confusion
 g - 208 stones (quivered)
Armour
 r - a scarf of repulsion (worn)
Magical Staves
 q - an uncursed staff of power {unknown}
Jewellery
 p - a ring of ice (left hand)
 y - a cursed ring of ice
Wands
 z - a wand of flame (24/48)
Scrolls
 d - 3 scrolls of identify
 f - a scroll of enchant armour {unknown}
 h - a scroll of fear {unknown}
 j - a scroll of teleportation
 o - a scroll of magic mapping {unknown}
Potions
 l - a potion of curing {unknown}
 n - 2 potions of mutation
 t - a potion of magic {unknown}
 u - a potion of flight {unknown}
 w - a potion of might {unknown}
 A - a potion of berserk rage {unknown}
Books
 b - a book of Changes

   Spells                             Type                      Level
   a - Beastly Appendage              Transmutation                1
   b - Sticks to Snakes               Transmutation                2
   c - Spider Form                    Transmutation/Poison         3
   d - Ice Form                       Ice/Transmutation            4
   e - Blade Hands                    Transmutation                5
Comestibles
 i - 6 chunks of flesh
 k - 3 meat rations
 m - 6 fruits
 s - a bread ration
 x - a royal jelly


   Skills:
 - Level 1.1 Fighting
 - Level 1.7 Dodging
 - Level 4.1 Unarmed Combat
 - Level 2.7 Spellcasting
 * Level 3.9 Transmutations
 * Level 0.2 Poison Magic


You had 3 spell levels left.
You knew the following spells:

 Your Spells              Type           Power        Failure   Level  Hunger
a - Beastly Appendage     Tmut           ##....       4%          1    #......
b - Sticks to Snakes      Tmut           ##......     7%          2    ###....
c - Spider Form           Tmut/Pois      #.........   28%         3    ###....


Dungeon Overview and Level Annotations

Branches:
Dungeon (4/15)
 Temple: D:4-7

Altars:
Kikubaaqudgha

Shops:
D:4 %

Annotations:
D:2 exclusion: downstairs


Innate Abilities, Weirdness & Mutations

Your plain brown scales are hard. (AC +5)
You cannot fit into any form of body armour.
You are cold-blooded and may be slowed by cold attacks.
You have claws for feet.


Message History

Your feet morph into talons.
The orc barely misses you. The orc hits you with a mace.
You hit the orc.
The orc is almost dead.
The orc hits you with a mace.
The orc priest mumbles some strange prayers to Beogh against you.
Beogh smites you!
* * * LOW HITPOINT WARNING * * *
The orc barely misses you. The orc hits you but does no damage.
The orc barely misses you. The orc closely misses you.
The orc hits you with a hand axe of venom.
* * * LOW HITPOINT WARNING * * *
You are lethally poisoned!
As you read the scroll labeled TEEFIY ANKACS, it crumbles to dust.
You feel strangely unstable.
It was a scroll of teleportation.
* * * LOW HITPOINT WARNING * * *
You feel sick.
The orc priest calls down the wrath of Beogh upon you.
Beogh smites you!
You die...

..... ...............
..... ...............
.....
...............#
.....
...............#
.....
...............#
.....
...........##### .
.....
...............#...
.....
........)............
.....
........@............
.....
.......oo.#..........
.....
.........##..........
.....
........o............
.....
.......#............#
.....
.................##.#
.....
.............##...
.....
..................
.....
....#.............


You could see an orc priest and 2 orcs.

Vanquished Creatures
  A worker ant (D:3)
  3 gnolls
  An adder (D:3)
  2 worms
  A dart slug (D:2)
  3 orcs
  8 bats
  7 giant cockroaches
  6 hobgoblins
  7 jackals (D:3)
  6 kobolds
  4 frilled lizards
  9 goblins
  7 rats
65 creatures vanquished.

Vanquished Creatures (collateral kills)
  3 adders
  2 worms
  An orc (D:3)
  A kobold (D:3)
7 creatures vanquished.

Grand Total: 72 creatures vanquished

Notes
Turn   | Place    | Note
-------+----------+-------------------------------------------
     0 | D:1      | toffzen the Draconian Transmuter began the quest for the Orb.
     0 | D:1      | Reached XP level 1. HP: 16/16 MP: 3/3
   531 | D:1      | Reached XP level 2. HP: 23/23 MP: 3/5
   538 | D:1      | Learned a level 2 spell: Sticks to Snakes
  1365 | D:2      | Reached XP level 3. HP: 28/28 MP: 6/6
  1380 | D:2      | Learned a level 3 spell: Spider Form
  1725 | D:2      | Found an ancient bone altar of Kikubaaqudgha.
  2076 | D:2      | Found a faded altar of an unknown god.
  2341 | D:3      | Reached XP level 4. HP: 28/35 MP: 1/7
  3233 | D:3      | Reached skill level 4 in Unarmed Combat
  3659 | D:3      | Reached XP level 5. HP: 23/40 MP: 5/9
  4232 | D:4      | Found Cekyur's Food Emporium.
  4508 | D:4      | Killed from afar by an orc priest

Skill      XL: |  1  2  3  4 |
---------------+-------------+-----
Transmutations | 3 |  3.9
Unarmed Combat | 4 |  4.1
Fighting       | |  1.1
Dodging        | |  1.7
Spellcasting   | |  2.7
Poison Magic   | |  0.2

Action                   |  1- 3 |  4- 6 || total
-------------------------+-------+-------++-------
Melee: Unarmed           |   132 |   101 ||   233
       Tailslap          |    13 |    10 ||    23
       Headbutt          |     8 |     4 ||    12
       Kick              |     5 |     6 ||    11
       Punch             |       |     3 ||     3
Throw: Stone             |       |     4 ||     4
 Cast: Beastly Appendage |    24 |    17 ||    41
       Sticks to Snakes  |     7 |    10 ||    17
  Use: Scroll            |       |     2 ||     2
 Stab: Distracted        |       |     1 ||     1
  Eat: Chunk             |     1 |     8 ||     9
       Bread ration      |     1 |       ||     1
Armor: Skin              |    55 |    23 ||    78
Dodge: Dodged            |   113 |    69 ||   182
       Deflected         |     2 |     1 ||     3
